Boston Bruins vs Edmonton Oilers
Created - Friday, April 11, 2025 at 08:55
Goals
|
| Boston Bruins |
1 |
0 |
0 |
1 |
| Edmonton Oilers |
3 |
2 |
1 |
6 |
|
Shots
|
| Boston Bruins |
10 |
6 |
13 |
29 |
| Edmonton Oilers |
12 |
12 |
10 |
34 |
|
1st period
1. Edmonton Oilers , Joey Anderson 4 (Derek Ryan 7, Scott Mayfield 7) at 12:37
2. Edmonton Oilers , Brock Boeser 21 (Jake DeBrusk 10, Jeff Carter 18) at 14:55
3. Boston Bruins , Andrew Copp 13 (Evander Kane 10, Joel Farabee 25) at 18:59
4. Edmonton Oilers , Boone Jenner 19 (Adrian Kempe 34) at 19:03
Penalties :
Anders Lee (BOS) for Cross-checking (Minor) at 2:23, Ryan Lindgren (BOS) for Roughing (Double Minor) at 19:25
2nd period
5. Edmonton Oilers , Boone Jenner 20 (David Perron 27) at 11:37
6. Edmonton Oilers , Brock Boeser 22 (Jeff Carter 19, Jake DeBrusk 11) at 17:14 (PP)
Penalties :
Ryan Strome (BOS) for Cross-checking (Minor) at 16:53
3rd period
7. Edmonton Oilers , David Perron 14 (Adrian Kempe 35, Boone Jenner 22) at 4:16
Penalties :
Adrian Kempe (EDM) for Hooking (Minor) at 10:26, Ryan Strome (BOS) for Cross-checking (Minor) at 11:34, David Perron (EDM) for Roughing (Minor) at 16:19
Goalie Stats
Petr Mrazek (BOS), 28 saves from 34 shots - (0.824), L, 20-12-1, 60:00 minutes
Juuse Saros (EDM), 28 saves from 29 shots - (0.966), W, 13-17-5, 60:00 minutes
Players Stats for Boston Bruins
Player Name G A P +/- PIM S H SB GA TA FO MP PP MP PK MP
------------------------------------------------------------------------------------
Alex Newhook 0 0 0 -1 0 4 0 0 2 0 1/1 15:58 1:32 0:26
Anders Lee 0 0 0 -1 2 3 1 0 0 1 0/0 12:37 0:00 0:00
Andrew Copp 1 0 1 -2 0 3 1 0 1 0 8/13 18:30 1:35 3:27
Angus Crookshank 0 0 0 0 0 1 1 1 0 0 0/0 8:47 0:00 0:00
Connor Clifton 0 0 0 -2 0 0 4 2 0 0 0/0 20:59 1:35 4:16
Eetu Luostarinen 0 0 0 0 0 0 1 1 0 0 0/1 8:57 0:00 0:10
Evander Kane 0 1 1 -2 0 0 2 1 0 1 1/3 14:57 1:35 0:00
Joel Farabee 0 1 1 -2 0 4 1 0 2 0 0/1 19:36 1:35 3:25
John Ludvig 0 0 0 0 0 0 3 0 0 1 0/0 15:18 0:00 1:22
John-Jason Peterka 0 0 0 0 0 0 0 0 0 0 0/0 8:47 0:00 0:00
Matthew Beniers 0 0 0 -1 0 1 3 0 1 0 4/12 12:26 0:00 0:00
Morgan Geekie 0 0 0 -1 0 1 1 0 1 0 0/1 13:03 0:00 1:16
Ryan Lindgren 0 0 0 -2 4 2 2 0 0 0 0/0 24:08 1:32 1:49
Ryan Strome 0 0 0 -1 4 2 1 1 0 0 2/2 18:33 1:31 2:50
Torey Krug 0 0 0 -2 0 2 4 0 1 0 0/0 26:31 1:32 4:01
Ty Emberson 0 0 0 -2 0 1 0 0 0 1 0/0 20:24 1:35 3:15
Vincent Trocheck 0 0 0 -1 0 4 3 1 1 1 16/33 19:15 1:32 3:20
Yegor Zamula 0 0 0 0 0 1 0 0 0 1 0/0 12:52 0:00 0:11
Players Stats for Edmonton Oilers
Player Name G A P +/- PIM S H SB GA TA FO MP PP MP PK MP
------------------------------------------------------------------------------------
Adrian Kempe 0 2 2 3 2 6 0 0 0 2 1/1 18:36 3:06 0:56
Boone Jenner 2 1 3 3 0 2 0 0 1 0 13/22 19:18 2:45 1:32
Brandon Carlo 0 0 0 2 0 0 2 1 0 2 0/0 23:48 3:12 1:49
Brett Pesce 0 0 0 2 0 0 1 2 0 0 0/0 19:56 0:00 0:55
Brock Boeser 2 0 2 1 0 4 1 1 1 1 2/3 19:59 4:02 1:35
Corey Perry 0 0 0 -1 0 4 3 1 1 0 1/1 14:31 0:41 0:39
David Perron 1 1 2 3 2 8 2 0 2 0 0/1 18:14 2:45 0:29
David Savard 0 0 0 0 0 1 0 1 0 1 0/0 11:36 3:14 0:00
Dawson Mercer 0 0 0 -1 0 0 0 0 0 0 4/12 14:03 0:44 0:00
Derek Ryan 0 1 1 1 0 1 0 0 0 0 1/1 7:23 0:00 0:39
Jacob Trouba 0 0 0 2 0 0 4 0 0 2 0/0 24:07 2:51 1:40
Jake DeBrusk 0 2 2 1 0 2 0 0 1 0 0/4 18:07 3:32 0:24
Jeff Carter 0 2 2 1 0 2 3 0 0 0 13/22 17:37 3:26 0:00
Joey Anderson 1 0 1 1 0 1 0 0 0 0 0/0 7:09 0:25 0:00
Morgan Barron 0 0 0 1 0 0 0 0 0 0 0/0 7:58 0:55 0:00
Rasmus Ristolainen 0 0 0 2 0 0 0 1 0 0 0/0 18:48 1:01 0:00
Ryan McLeod 0 0 0 -1 0 2 2 0 0 0 0/0 13:05 0:00 0:00
Scott Mayfield 0 1 1 0 0 1 1 3 0 1 0/0 21:45 4:36 1:50
3 Stars
1 - Boone Jenner (EDM)
2 - Brock Boeser (EDM)
3 - David Perron (EDM)
Power Play
Boston Bruins - 0 on 2 Attempt(s) - 0.00%
Edmonton Oilers - 1 on 5 Attempt(s) - 20.00%
Penalty Kill
Boston Bruins - 4 on 5 Attempt(s) - 80.00%
- Score 0 goal in Penalty Kill
Edmonton Oilers - 2 on 2 Attempt(s) - 100.00%
- Score 0 goal in Penalty Kill
Team Stat
Boston Bruins - Hits : 28 - Faceoff Wins : 32 - Blocked Shots : 7 - Penalty Minutes : 10
Edmonton Oilers - Hits : 19 - Faceoff Wins : 35 - Blocked Shots : 10 - Penalty Minutes : 4
Official
Referees : Justin Kea and Chris Lee
Linesman : CJ Murray and Julien Fournier
Game Notes
David Savard is injured at 12:24 of 2nd period (Right Foot)
Finance
Level 1 -- Attendance: 6000 (100.00%) -- Ticket Income $540,000
Level 2 -- Attendance: 4379 (87.58%) -- Ticket Income $218,950
Level 3 -- Attendance: 3000 (100.00%) -- Ticket Income $90,000
Level 4 -- Attendance: 4408 (88.16%) -- Ticket Income $88,160
Luxury Box -- Attendance: 927 (92.70%) -- Ticket Income $176,130
Game was played at the Rexall Place.
Total Attendance: 18714 (93.57%)
Total Ticket Income: $1,113,240
Other Income: $389,634
Total Income: $1,502,874
Boston Bruins
5 vs 5 Forward
Center Left Wing Right Wing Time % Phy DF OF
1 Vincent Trocheck Alex Newhook Ryan Strome 30 1 2 2
2 Andrew Copp Evander Kane Joel Farabee 30 1 2 2
3 Matthew Beniers Anders Lee Morgan Geekie 25 1 2 2
4 Eetu Luostarinen Angus Crookshank John-Jason Peterka 15 1 2 2
5 vs 5 Defense
Defense Defense Time % Phy DF OF
1 Torey Krug Ryan Lindgren 30 1 2 2
2 Connor Clifton Ty Emberson 30 1 2 2
3 Yegor Zamula John Ludvig 25 1 2 2
4 Torey Krug Ryan Lindgren 15 1 2 2
PowerPlay Forward
Center Left Wing Right Wing Time % Phy DF OF
1 Vincent Trocheck Alex Newhook Ryan Strome 50 1 2 2
2 Andrew Copp Evander Kane Joel Farabee 50 1 2 2
PowerPlay Defense
Defense Defense Time % Phy DF OF
1 Torey Krug Ryan Lindgren 50 1 2 2
2 Connor Clifton Ty Emberson 50 1 2 2
Penalty Kill 4 Players Forward
Center Wing Time % Phy DF OF
1 Vincent Trocheck Andrew Copp 50 1 2 2
2 Ryan Strome Joel Farabee 50 1 2 2
Penalty Kill 4 Players Defense
Defense Defense Time % Phy DF OF
1 Torey Krug Ryan Lindgren 50 1 2 2
2 Connor Clifton Ty Emberson 50 1 2 2
Penalty Kill - 3 Players Forward
Forward Time % Phy DF OF
1 Vincent Trocheck 50 1 2 2
2 Ryan Strome 50 1 2 2
Penalty Kill - 3 Players Defense
Defense Defense Time % Phy DF OF
1 Torey Krug Ryan Lindgren 50 1 2 2
2 Connor Clifton Ty Emberson 50 1 2 2
4 vs 4 Forward
Center Wing Time % Phy DF OF
1 Vincent Trocheck Anders Lee 50 1 2 2
2 Ryan Strome Joel Farabee 50 1 2 2
4 vs 4 Defense
Defense Defense Time % Phy DF OF
1 Torey Krug John Ludvig 50 1 2 2
2 Connor Clifton Ty Emberson 50 1 2 2
Last Minutes Offensive
Center Left Wing Right Wing Defense Defense
Vincent Trocheck Alex Newhook Ryan Strome Torey Krug Ryan Lindgren
Last Minutes Defensive
Center Left Wing Right Wing Defense Defense
Vincent Trocheck Alex Newhook Ryan Strome Torey Krug Ryan Lindgren
Goaltenders
Starting : Petr Mrazek
Backup : Pyotr Kochetkov
Extra Forwards
Normal : Matthew Beniers, Anders Lee, Morgan Geekie - PP : Matthew Beniers, Anders Lee - PK : Morgan Geekie
Extra Defensemen
Normal : Torey Krug, John Ludvig, Connor Clifton - PP : Torey Krug - PK : John Ludvig, Connor Clifton
Penalty Shots
Vincent Trocheck, Matthew Beniers, Ryan Strome, Joel Farabee, Andrew Copp
Scratches
Anthony Beauvillier (Healthy), Drew O'Connor (Healthy), Alex Vlasic (Healthy), Beck Malenstyn (Healthy), Viktor Arvidsson (Healthy)
Edmonton Oilers
5 vs 5 Forward
Center Left Wing Right Wing Time % Phy DF OF
1 Boone Jenner David Perron Adrian Kempe 30 1 2 2
2 Jeff Carter Jake DeBrusk Brock Boeser 30 1 2 2
3 Dawson Mercer Ryan McLeod Corey Perry 25 1 2 2
4 Derek Ryan Morgan Barron Joey Anderson 15 1 2 2
5 vs 5 Defense
Defense Defense Time % Phy DF OF
1 Jacob Trouba Brandon Carlo 35 1 2 2
2 Rasmus Ristolainen Brett Pesce 35 1 2 2
3 Scott Mayfield David Savard 30 1 2 2
4 Jacob Trouba Brandon Carlo 0 1 2 2
PowerPlay Forward
Center Left Wing Right Wing Time % Phy DF OF
1 Boone Jenner David Perron Adrian Kempe 50 1 2 2
2 Jeff Carter Jake DeBrusk Brock Boeser 50 1 2 2
PowerPlay Defense
Defense Defense Time % Phy DF OF
1 Jacob Trouba Brandon Carlo 50 1 2 2
2 Scott Mayfield David Savard 50 1 2 2
Penalty Kill 4 Players Forward
Center Wing Time % Phy DF OF
1 Adrian Kempe Brock Boeser 50 1 2 2
2 Boone Jenner David Perron 50 1 2 2
Penalty Kill 4 Players Defense
Defense Defense Time % Phy DF OF
1 Jacob Trouba Brandon Carlo 50 1 2 2
2 Scott Mayfield David Savard 50 1 2 2
Penalty Kill - 3 Players Forward
Forward Time % Phy DF OF
1 Adrian Kempe 50 1 2 2
2 Brock Boeser 50 1 2 2
Penalty Kill - 3 Players Defense
Defense Defense Time % Phy DF OF
1 Jacob Trouba Brandon Carlo 50 1 2 2
2 Scott Mayfield David Savard 50 1 2 2
4 vs 4 Forward
Center Wing Time % Phy DF OF
1 Adrian Kempe Brock Boeser 50 1 2 2
2 Boone Jenner David Perron 50 1 2 2
4 vs 4 Defense
Defense Defense Time % Phy DF OF
1 Jacob Trouba Brandon Carlo 50 1 2 2
2 Scott Mayfield Rasmus Ristolainen 50 1 2 2
Last Minutes Offensive
Center Left Wing Right Wing Defense Defense
Boone Jenner David Perron Adrian Kempe Jacob Trouba Brandon Carlo
Last Minutes Defensive
Center Left Wing Right Wing Defense Defense
Boone Jenner David Perron Adrian Kempe Jacob Trouba Brandon Carlo
Goaltenders
Starting : Juuse Saros
Backup : Jonathan Quick
Extra Forwards
Normal : Morgan Barron, Adrian Kempe, Corey Perry - PP : Morgan Barron, Adrian Kempe - PK : Corey Perry
Extra Defensemen
Normal : Scott Mayfield, Jacob Trouba, Brandon Carlo - PP : Scott Mayfield - PK : Brandon Carlo, Jacob Trouba
Penalty Shots
Adrian Kempe, Brock Boeser, Boone Jenner, David Perron, Jake DeBrusk
Scratches
Troy Stecher (Healthy), Julien Gauthier (Healthy), Tanner Jeannot (Healthy), Evan Bouchard (Healthy), Dylan Holloway (Healthy)
% Time on Ice - Boston Bruins
Lines # - Real PCT - Wanted PCT - Time Play
Normal Forward
1 - 29% - 30% - 13:58
2 - 29% - 30% - 14:10
3 - 24% - 25% - 11:40
4 - 18% - 15% - 8:47
Normal Defense
1 - 30% - 30% - 14:30
2 - 32% - 30% - 15:27
3 - 26% - 25% - 12:41
4 - 12% - 15% - 5:57
PP Forward
1 - 49% - 50% - 1:32
2 - 51% - 50% - 1:35
PP Defense
1 - 49% - 50% - 1:32
2 - 51% - 50% - 1:35
PK Forward
1 - 52% - 50% - 3:52
2 - 48% - 50% - 3:35
PK Defense
1 - 56% - 50% - 4:12
2 - 44% - 50% - 3:15
PK3 Forward
1 - 0% - 50%
2 - 0% - 50%
PK3 Defense
1 - 0% - 50%
2 - 0% - 50%
44 Forward
1 - 49% - 50% - 0:25
2 - 51% - 50% - 0:26
44 Defense
1 - 86% - 50% - 0:44
2 - 14% - 50% - 0:07
Last Minute Offensive - 0:00
Last Minute Defensive - 0:00
Total
Forward - 60:00
Defense - 60:00
|
% Time on Ice - Edmonton Oilers
Lines # - Real PCT - Wanted PCT - Time Play
Normal Forward
1 - 30% - 30% - 14:35
2 - 29% - 30% - 14:11
3 - 27% - 25% - 13:05
4 - 14% - 15% - 6:44
Normal Defense
1 - 32% - 35% - 15:31
2 - 38% - 35% - 18:30
3 - 30% - 30% - 14:34
4 - 0% - 0% - 0:00
PP Forward
1 - 52% - 50% - 3:51
2 - 48% - 50% - 3:36
PP Defense
1 - 38% - 50% - 2:51
2 - 62% - 50% - 4:36
PK Forward
1 - 51% - 50% - 1:35
2 - 49% - 50% - 1:32
PK Defense
1 - 27% - 50% - 0:51
2 - 73% - 50% - 2:16
PK3 Forward
1 - 0% - 50%
2 - 0% - 50%
PK3 Defense
1 - 0% - 50%
2 - 0% - 50%
44 Forward
1 - 49% - 50% - 0:25
2 - 51% - 50% - 0:26
44 Defense
1 - 98% - 50% - 0:50
2 - 2% - 50% - 0:01
Last Minute Offensive - 0:00
Last Minute Defensive - 0:00
Total
Forward - 60:00
Defense - 60:00
|
Play-by-Play
1st period
0:01 of 1st period - Adrian Kempe wins face-off versus Vincent Trocheck in neutral zone.
0:49 of 1st period - Slapshot by Corey Perry.
0:49 of 1st period - Shot Misses the Net.
0:57 of 1st period - Wrist shot by Corey Perry.
0:57 of 1st period - Shot Misses the Net.
0:59 of 1st period - Wrist shot by Corey Perry.
0:59 of 1st period - Shot Blocked by Connor Clifton.
1:38 of 1st period - Backhand shot by Vincent Trocheck.
1:38 of 1st period - Stopped by Juuse Saros without a rebound.
1:39 of 1st period - Jeff Carter wins face-off versus Evander Kane in Edmonton Oilers zone.
1:53 of 1st period - Icing by Scott Mayfield.
1:54 of 1st period - Jeff Carter wins face-off versus Matthew Beniers in Edmonton Oilers zone.
1:59 of 1st period - Morgan Geekie is hit by Jeff Carter and loses puck.
2:16 of 1st period - Wrist shot by Jake DeBrusk.
2:16 of 1st period - Shot Misses the Net.
2:18 of 1st period - Slapshot by David Savard.
2:18 of 1st period - Shot Misses the Net.
2:23 of 1st period - Minor Penalty to Anders Lee for Cross-checking.
2:24 of 1st period - Vincent Trocheck wins face-off versus David Perron in Boston Bruins zone.
2:41 of 1st period - Wrist shot by David Perron.
2:41 of 1st period - Shot Blocked by Ryan Strome.
2:51 of 1st period - Joel Farabee is hit by Jacob Trouba and loses puck.
4:23 of 1st period - Penalty to Anders Lee is over, Anders Lee is back on ice.
4:24 of 1st period - Brandon Carlo is hit by Connor Clifton and loses puck.
4:42 of 1st period - Brandon Carlo is hit by Andrew Copp and loses puck.
6:16 of 1st period - Snap shot by Adrian Kempe.
6:16 of 1st period - Stopped by Petr Mrazek without a rebound.
6:17 of 1st period - Boone Jenner wins face-off versus Vincent Trocheck in Boston Bruins zone.
7:21 of 1st period - Snap shot by Andrew Copp.
7:21 of 1st period - Stopped by Juuse Saros with a rebound.
7:50 of 1st period - Slapshot by David Perron.
7:50 of 1st period - Stopped by Petr Mrazek with a rebound.
9:06 of 1st period - Wrist shot by Brock Boeser.
9:06 of 1st period - Shot Misses the Net.
9:08 of 1st period - Snap shot by Brock Boeser.
9:08 of 1st period - Deflect By Jake DeBrusk.
9:08 of 1st period - Shot Misses the Net.
9:08 of 1st period - Puck is out of play.
9:09 of 1st period - Vincent Trocheck wins face-off versus Jake DeBrusk in Boston Bruins zone.
9:33 of 1st period - Icing by Ty Emberson.
9:34 of 1st period - Boone Jenner wins face-off versus Vincent Trocheck in Boston Bruins zone.
9:35 of 1st period - Slapshot by Adrian Kempe.
9:35 of 1st period - Stopped by Petr Mrazek without a rebound.
9:36 of 1st period - Andrew Copp wins face-off versus Boone Jenner in Boston Bruins zone.
9:45 of 1st period - Snap shot by Andrew Copp.
9:45 of 1st period - Stopped by Juuse Saros with a rebound.
9:47 of 1st period - Slapshot by Ryan Lindgren.
9:47 of 1st period - Shot Blocked by Scott Mayfield.
9:49 of 1st period - Slapshot by Ryan Lindgren.
9:49 of 1st period - Shot Blocked by Scott Mayfield.
9:51 of 1st period - Slapshot by Ryan Lindgren.
9:51 of 1st period - Shot Misses the Net.
12:13 of 1st period - Wrist shot by David Perron.
12:13 of 1st period - Stopped by Petr Mrazek with a rebound.
12:15 of 1st period - Snap shot by Jacob Trouba.
12:15 of 1st period - Shot Misses the Net.
12:17 of 1st period - Wrist shot by David Perron.
12:17 of 1st period - Stopped by Petr Mrazek with a rebound.
12:35 of 1st period - Wrist shot by Joey Anderson.
12:35 of 1st period - Shot Misses the Net.
12:37 of 1st period - Slapshot by Derek Ryan.
12:37 of 1st period - Deflect By Joey Anderson.
12:37 of 1st period - Goal by Joey Anderson - Boston Bruins : 0 - Edmonton Oilers : 1.
12:38 of 1st period - Vincent Trocheck wins face-off versus Boone Jenner in neutral zone.
13:16 of 1st period - Snap shot by David Perron.
13:16 of 1st period - Deflect By Boone Jenner.
13:16 of 1st period - Shot Misses the Net.
13:16 of 1st period - Puck is out of play.
13:17 of 1st period - Andrew Copp wins face-off versus Dawson Mercer in Boston Bruins zone.
13:28 of 1st period - Wrist shot by Corey Perry.
13:28 of 1st period - Deflect By Ryan McLeod.
13:28 of 1st period - Stopped by Petr Mrazek with a rebound.
13:50 of 1st period - Snap shot by Joel Farabee.
13:50 of 1st period - Stopped by Juuse Saros with a rebound.
13:52 of 1st period - Slapshot by Anders Lee.
13:52 of 1st period - Stopped by Juuse Saros with a rebound.
13:54 of 1st period - Wrist shot by Ty Emberson.
13:54 of 1st period - Shot Misses the Net.
13:56 of 1st period - Slapshot by Ty Emberson.
13:56 of 1st period - Stopped by Juuse Saros without a rebound.
13:57 of 1st period - Boone Jenner wins face-off versus Matthew Beniers in Edmonton Oilers zone.
14:04 of 1st period - Snap shot by David Perron.
14:04 of 1st period - Shot Misses the Net.
14:24 of 1st period - Jeff Carter is hit by Ryan Lindgren and loses puck.
14:29 of 1st period - Slapshot by Joel Farabee.
14:29 of 1st period - Stopped by Juuse Saros without a rebound.
14:30 of 1st period - Andrew Copp wins face-off versus Dawson Mercer in Edmonton Oilers zone.
14:41 of 1st period - Snap shot by Ryan McLeod.
14:41 of 1st period - Stopped by Petr Mrazek with a rebound.
14:43 of 1st period - Slapshot by Scott Mayfield.
14:43 of 1st period - Shot Misses the Net.
14:45 of 1st period - Slapshot by David Savard.
14:45 of 1st period - Deflect By Corey Perry.
14:45 of 1st period - Stopped by Petr Mrazek without a rebound.
14:46 of 1st period - Jeff Carter wins face-off versus Vincent Trocheck in Boston Bruins zone.
14:55 of 1st period - Wrist shot by Brock Boeser.
14:55 of 1st period - Goal by Brock Boeser - Boston Bruins : 0 - Edmonton Oilers : 2.
14:56 of 1st period - Evander Kane wins face-off versus Boone Jenner in neutral zone.
14:58 of 1st period - Off-side.
14:59 of 1st period - Boone Jenner wins face-off versus Andrew Copp in neutral zone.
15:06 of 1st period - Wrist shot by Adrian Kempe.
15:06 of 1st period - Stopped by Petr Mrazek with a rebound.
15:34 of 1st period - Snap shot by Morgan Geekie.
15:34 of 1st period - Shot Misses the Net.
15:53 of 1st period - Snap shot by Brock Boeser.
15:53 of 1st period - Shot Blocked by Connor Clifton.
16:57 of 1st period - Wrist shot by John-Jason Peterka.
16:57 of 1st period - Shot Misses the Net.
16:59 of 1st period - Snap shot by Yegor Zamula.
16:59 of 1st period - Stopped by Juuse Saros without a rebound.
17:00 of 1st period - Brock Boeser wins face-off versus Matthew Beniers in Edmonton Oilers zone.
17:13 of 1st period - Jeff Carter is hit by Matthew Beniers.
17:25 of 1st period - Dawson Mercer is hit by Evander Kane and loses puck.
17:34 of 1st period - Snap shot by Joel Farabee.
17:34 of 1st period - Shot Blocked by Brett Pesce.
17:36 of 1st period - Snap shot by Evander Kane.
17:36 of 1st period - Shot Misses the Net.
18:45 of 1st period - Wrist shot by Jeff Carter.
18:45 of 1st period - Shot Misses the Net.
18:55 of 1st period - Wrist shot by Joel Farabee.
18:55 of 1st period - Stopped by Juuse Saros with a rebound.
18:57 of 1st period - Slapshot by Evander Kane.
18:57 of 1st period - Shot Misses the Net.
18:59 of 1st period - Snap shot by Andrew Copp.
18:59 of 1st period - Goal by Andrew Copp - Boston Bruins : 1 - Edmonton Oilers : 2.
19:00 of 1st period - Boone Jenner wins face-off versus Joel Farabee in neutral zone.
19:03 of 1st period - Snap shot by Adrian Kempe.
19:03 of 1st period - Deflect By Boone Jenner.
19:03 of 1st period - Goal by Boone Jenner - Boston Bruins : 1 - Edmonton Oilers : 3.
19:04 of 1st period - Jeff Carter wins face-off versus Andrew Copp in neutral zone.
19:25 of 1st period - Double Minor Penalty to Ryan Lindgren for Roughing.
19:26 of 1st period - Ryan Strome wins face-off versus Jeff Carter in Boston Bruins zone.
19:51 of 1st period - Adrian Kempe is hit by Connor Clifton and loses puck.
19:56 of 1st period - Wrist shot by Ryan Strome.
19:56 of 1st period - Shot Blocked by Brandon Carlo.
19:58 of 1st period - Slapshot by Ryan Strome.
19:58 of 1st period - Shot Misses the Net.
Goals for this period are 1 for Boston Bruins vs 3 for Edmonton Oilers.
Shots for this period are 10 for Boston Bruins vs 12 for Edmonton Oilers.
2nd period
0:01 of 2nd period - Ryan Strome wins face-off versus Jake DeBrusk in neutral zone.
0:20 of 2nd period - Icing by Brock Boeser.
0:21 of 2nd period - Vincent Trocheck wins face-off versus Jeff Carter in Edmonton Oilers zone.
0:40 of 2nd period - Snap shot by Brock Boeser.
0:40 of 2nd period - Shot Misses the Net.
0:42 of 2nd period - Snap shot by David Savard.
0:42 of 2nd period - Stopped by Petr Mrazek with a rebound.
0:44 of 2nd period - Slapshot by Scott Mayfield.
0:44 of 2nd period - Shot Misses the Net.
1:04 of 2nd period - Wrist shot by Brock Boeser.
1:04 of 2nd period - Deflect By Jeff Carter.
1:04 of 2nd period - Shot Misses the Net.
1:04 of 2nd period - Puck is out of play.
1:05 of 2nd period - Vincent Trocheck wins face-off versus Boone Jenner in Boston Bruins zone.
1:16 of 2nd period - Wrist shot by David Perron.
1:16 of 2nd period - Shot Misses the Net.
3:25 of 2nd period - Penalty to Ryan Lindgren is over, Ryan Lindgren is back on ice.
3:55 of 2nd period - Slapshot by Anders Lee.
3:55 of 2nd period - Deflect By Matthew Beniers.
3:55 of 2nd period - Shot Blocked by Rasmus Ristolainen.
3:55 of 2nd period - Puck is out of play.
3:56 of 2nd period - Derek Ryan wins face-off versus Matthew Beniers in Edmonton Oilers zone.
4:07 of 2nd period - Derek Ryan is hit by Matthew Beniers and loses puck.
4:20 of 2nd period - Brandon Carlo is hit by John Ludvig and loses puck.
4:41 of 2nd period - Ryan Lindgren is hit by Brett Pesce and loses puck.
5:31 of 2nd period - Brandon Carlo is hit by Connor Clifton.
6:24 of 2nd period - Adrian Kempe is hit by Ryan Lindgren.
7:04 of 2nd period - Brett Pesce is hit by Angus Crookshank and loses puck.
7:11 of 2nd period - John-Jason Peterka is hit by Jacob Trouba and loses puck.
7:23 of 2nd period - Connor Clifton is hit by David Perron and loses puck.
7:38 of 2nd period - Snap shot by Adrian Kempe.
7:38 of 2nd period - Stopped by Petr Mrazek with a rebound.
7:44 of 2nd period - David Perron is hit by Eetu Luostarinen and loses puck.
7:49 of 2nd period - Wrist shot by Eetu Luostarinen.
7:49 of 2nd period - Shot Misses the Net.
7:51 of 2nd period - Slapshot by Ryan Lindgren.
7:51 of 2nd period - Stopped by Juuse Saros without a rebound.
7:52 of 2nd period - Jeff Carter wins face-off versus Vincent Trocheck in Edmonton Oilers zone.
8:17 of 2nd period - Andrew Copp is hit by Corey Perry and loses puck.
8:38 of 2nd period - Scott Mayfield is hit by Morgan Geekie and loses puck.
9:05 of 2nd period - Snap shot by Jeff Carter.
9:05 of 2nd period - Stopped by Petr Mrazek with a rebound.
9:17 of 2nd period - Corey Perry is hit by Evander Kane and loses puck.
11:26 of 2nd period - Jake DeBrusk is hit by Matthew Beniers and loses puck.
11:31 of 2nd period - Backhand shot by Matthew Beniers.
11:31 of 2nd period - Stopped by Juuse Saros without a rebound.
11:32 of 2nd period - Boone Jenner wins face-off versus Matthew Beniers in Edmonton Oilers zone.
11:37 of 2nd period - Snap shot by Boone Jenner.
11:37 of 2nd period - Goal by Boone Jenner - Boston Bruins : 1 - Edmonton Oilers : 4.
11:38 of 2nd period - Jeff Carter wins face-off versus Vincent Trocheck in neutral zone.
11:41 of 2nd period - Snap shot by Jake DeBrusk.
11:41 of 2nd period - Stopped by Petr Mrazek without a rebound.
11:42 of 2nd period - Vincent Trocheck wins face-off versus Jeff Carter in Boston Bruins zone.
11:42 of 2nd period - Vincent Trocheck is hit by Jeff Carter.
11:50 of 2nd period - Snap shot by Brock Boeser.
11:50 of 2nd period - Stopped by Petr Mrazek without a rebound.
11:51 of 2nd period - Vincent Trocheck wins face-off versus Jeff Carter in Boston Bruins zone.
11:51 of 2nd period - Vincent Trocheck is hit by Jeff Carter.
11:59 of 2nd period - Icing by Scott Mayfield.
12:00 of 2nd period - Jeff Carter wins face-off versus Vincent Trocheck in Edmonton Oilers zone.
12:00 of 2nd period - Jeff Carter is hit by Torey Krug.
12:22 of 2nd period - Slapshot by Ryan Strome.
12:22 of 2nd period - Stopped by Juuse Saros with a rebound.
12:24 of 2nd period - Slapshot by Ryan Lindgren.
12:24 of 2nd period - Deflect By Alex Newhook.
12:24 of 2nd period - Shot Blocked by David Savard.
12:24 of 2nd period - David Savard from Edmonton Oilers is injured at 12:24 of 2nd period (Right Foot).
12:25 of 2nd period - Andrew Copp wins face-off versus Boone Jenner in Edmonton Oilers zone.
12:59 of 2nd period - Anders Lee is hit by Ryan McLeod and loses puck.
13:42 of 2nd period - Icing by Andrew Copp.
13:43 of 2nd period - Boone Jenner wins face-off versus Andrew Copp in Boston Bruins zone.
14:06 of 2nd period - Brett Pesce is hit by Joel Farabee and loses puck.
14:43 of 2nd period - Snap shot by Boone Jenner.
14:43 of 2nd period - Shot Blocked by Evander Kane.
15:42 of 2nd period - Snap shot by Joel Farabee.
15:42 of 2nd period - Stopped by Juuse Saros without a rebound.
15:43 of 2nd period - Dawson Mercer wins face-off versus Vincent Trocheck in Edmonton Oilers zone.
15:52 of 2nd period - Wrist shot by Corey Perry.
15:52 of 2nd period - Stopped by Petr Mrazek without a rebound.
15:53 of 2nd period - Vincent Trocheck wins face-off versus Dawson Mercer in Boston Bruins zone.
15:53 of 2nd period - Vincent Trocheck is hit by Jacob Trouba.
16:13 of 2nd period - Wrist shot by Dawson Mercer.
16:13 of 2nd period - Deflect By Corey Perry.
16:13 of 2nd period - Shot Misses the Net.
16:13 of 2nd period - Puck is out of play.
16:14 of 2nd period - Jeff Carter wins face-off versus Matthew Beniers in Boston Bruins zone.
16:53 of 2nd period - Minor Penalty to Ryan Strome for Cross-checking.
16:54 of 2nd period - Vincent Trocheck wins face-off versus Jake DeBrusk in Boston Bruins zone.
17:02 of 2nd period - Wrist shot by Jeff Carter.
17:02 of 2nd period - Stopped by Petr Mrazek without a rebound.
17:03 of 2nd period - Jeff Carter wins face-off versus Vincent Trocheck in Boston Bruins zone.
17:14 of 2nd period - Wrist shot by Brock Boeser.
17:14 of 2nd period - Goal by Brock Boeser - Boston Bruins : 1 - Edmonton Oilers : 5.
17:15 of 2nd period - Brock Boeser wins face-off versus Vincent Trocheck in neutral zone.
17:19 of 2nd period - Icing by Ryan Strome.
17:20 of 2nd period - Vincent Trocheck wins face-off versus Jeff Carter in Boston Bruins zone.
17:22 of 2nd period - Icing by Torey Krug.
17:23 of 2nd period - Vincent Trocheck wins face-off versus Jeff Carter in Boston Bruins zone.
17:23 of 2nd period - Vincent Trocheck is hit by Jacob Trouba.
17:29 of 2nd period - Jacob Trouba is hit by Ryan Strome and loses puck.
17:38 of 2nd period - Snap shot by Alex Newhook.
17:38 of 2nd period - Shot Misses the Net.
17:40 of 2nd period - Slapshot by Ryan Lindgren.
17:40 of 2nd period - Deflect By Alex Newhook.
17:40 of 2nd period - Stopped by Juuse Saros without a rebound.
17:41 of 2nd period - Matthew Beniers wins face-off versus Dawson Mercer in Edmonton Oilers zone.
17:44 of 2nd period - Wrist shot by Anders Lee.
17:44 of 2nd period - Stopped by Juuse Saros with a rebound.
18:06 of 2nd period - Ryan Lindgren is hit by Scott Mayfield and loses puck.
18:15 of 2nd period - Wrist shot by Adrian Kempe.
18:15 of 2nd period - Shot Misses the Net.
18:17 of 2nd period - Backhand shot by David Perron.
18:17 of 2nd period - Stopped by Petr Mrazek without a rebound.
18:18 of 2nd period - Vincent Trocheck wins face-off versus Jeff Carter in Boston Bruins zone.
18:22 of 2nd period - Off-side.
18:23 of 2nd period - Jeff Carter wins face-off versus Vincent Trocheck in neutral zone.
18:32 of 2nd period - Wrist shot by Jake DeBrusk.
18:32 of 2nd period - Stopped by Petr Mrazek with a rebound.
18:34 of 2nd period - Slapshot by Brock Boeser.
18:34 of 2nd period - Stopped by Petr Mrazek with a rebound.
18:48 of 2nd period - Snap shot by Morgan Geekie.
18:48 of 2nd period - Shot Misses the Net.
18:50 of 2nd period - Slapshot by Ty Emberson.
18:50 of 2nd period - Shot Misses the Net.
Goals for this period are 0 for Boston Bruins vs 2 for Edmonton Oilers.
Shots for this period are 6 for Boston Bruins vs 12 for Edmonton Oilers.
3rd period
0:01 of 3rd period - Andrew Copp wins face-off versus Jeff Carter in neutral zone.
0:06 of 3rd period - Jake DeBrusk is hit by Torey Krug and loses puck.
0:25 of 3rd period - Ryan McLeod is hit by Torey Krug and loses puck.
0:50 of 3rd period - Slapshot by Adrian Kempe.
0:50 of 3rd period - Stopped by Petr Mrazek without a rebound.
0:51 of 3rd period - Jeff Carter wins face-off versus Eetu Luostarinen in Boston Bruins zone.
1:08 of 3rd period - Jake DeBrusk is hit by Torey Krug and loses puck.
1:30 of 3rd period - Snap shot by Brock Boeser.
1:30 of 3rd period - Shot Misses the Net.
1:34 of 3rd period - Slapshot by Brock Boeser.
1:34 of 3rd period - Deflect By Jeff Carter.
1:34 of 3rd period - Shot Misses the Net.
1:34 of 3rd period - Puck is out of play.
1:35 of 3rd period - Dawson Mercer wins face-off versus Vincent Trocheck in Boston Bruins zone.
2:06 of 3rd period - Off-side.
2:07 of 3rd period - Boone Jenner wins face-off versus Matthew Beniers in neutral zone.
2:13 of 3rd period - Icing by Torey Krug.
2:14 of 3rd period - Matthew Beniers wins face-off versus Dawson Mercer in Boston Bruins zone.
2:21 of 3rd period - Torey Krug is hit by Brandon Carlo and loses puck.
2:42 of 3rd period - Slapshot by Alex Newhook.
2:42 of 3rd period - Stopped by Juuse Saros with a rebound.
2:44 of 3rd period - Wrist shot by Alex Newhook.
2:44 of 3rd period - Stopped by Juuse Saros with a rebound.
2:46 of 3rd period - Slapshot by Torey Krug.
2:46 of 3rd period - Stopped by Juuse Saros without a rebound.
2:47 of 3rd period - Boone Jenner wins face-off versus Vincent Trocheck in Edmonton Oilers zone.
3:20 of 3rd period - Backhand shot by Evander Kane.
3:20 of 3rd period - Deflect By Brett Pesce.
3:20 of 3rd period - Shot Blocked by Corey Perry.
3:20 of 3rd period - Puck is out of play.
3:21 of 3rd period - Jeff Carter wins face-off versus Andrew Copp in Edmonton Oilers zone.
3:52 of 3rd period - Snap shot by Corey Perry.
3:52 of 3rd period - Stopped by Petr Mrazek without a rebound.
3:53 of 3rd period - Matthew Beniers wins face-off versus Dawson Mercer in Boston Bruins zone.
4:04 of 3rd period - Snap shot by Anders Lee.
4:04 of 3rd period - Stopped by Juuse Saros without a rebound.
4:05 of 3rd period - Boone Jenner wins face-off versus Evander Kane in Edmonton Oilers zone.
4:16 of 3rd period - Snap shot by Adrian Kempe.
4:16 of 3rd period - Deflect By David Perron.
4:16 of 3rd period - Goal by David Perron - Boston Bruins : 1 - Edmonton Oilers : 6.
4:17 of 3rd period - Alex Newhook wins face-off versus Jeff Carter in neutral zone.
4:20 of 3rd period - Snap shot by Torey Krug.
4:20 of 3rd period - Deflect By Vincent Trocheck.
4:20 of 3rd period - Stopped by Juuse Saros with a rebound.
4:22 of 3rd period - Slapshot by Alex Newhook.
4:22 of 3rd period - Shot Misses the Net.
4:24 of 3rd period - Slapshot by Torey Krug.
4:24 of 3rd period - Stopped by Juuse Saros with a rebound.
4:26 of 3rd period - Snap shot by Ryan Lindgren.
4:26 of 3rd period - Stopped by Juuse Saros with a rebound.
4:28 of 3rd period - Snap shot by Vincent Trocheck.
4:28 of 3rd period - Shot Blocked by Brock Boeser.
4:30 of 3rd period - Slapshot by Ryan Lindgren.
4:30 of 3rd period - Shot Misses the Net.
4:32 of 3rd period - Snap shot by Vincent Trocheck.
4:32 of 3rd period - Stopped by Juuse Saros with a rebound.
4:34 of 3rd period - Snap shot by Ryan Strome.
4:34 of 3rd period - Stopped by Juuse Saros without a rebound.
4:35 of 3rd period - Boone Jenner wins face-off versus Andrew Copp in Edmonton Oilers zone.
5:09 of 3rd period - Backhand shot by Corey Perry.
5:09 of 3rd period - Shot Hit the Post.
5:11 of 3rd period - Wrist shot by Corey Perry.
5:11 of 3rd period - Stopped by Petr Mrazek without a rebound.
5:12 of 3rd period - Jeff Carter wins face-off versus Matthew Beniers in Boston Bruins zone.
5:48 of 3rd period - Snap shot by David Perron.
5:48 of 3rd period - Stopped by Petr Mrazek with a rebound.
5:50 of 3rd period - Slapshot by Rasmus Ristolainen.
5:50 of 3rd period - Deflect By Adrian Kempe.
5:50 of 3rd period - Stopped by Petr Mrazek without a rebound.
5:51 of 3rd period - Dawson Mercer wins face-off versus Vincent Trocheck in Boston Bruins zone.
6:32 of 3rd period - Icing by Morgan Geekie.
6:33 of 3rd period - Andrew Copp wins face-off versus Boone Jenner in Boston Bruins zone.
7:24 of 3rd period - Snap shot by Derek Ryan.
7:24 of 3rd period - Stopped by Petr Mrazek with a rebound.
7:38 of 3rd period - Off-side.
7:39 of 3rd period - Vincent Trocheck wins face-off versus Dawson Mercer in neutral zone.
8:16 of 3rd period - Wrist shot by Matthew Beniers.
8:16 of 3rd period - Deflect By Morgan Geekie.
8:16 of 3rd period - Stopped by Juuse Saros with a rebound.
8:39 of 3rd period - Snap shot by David Perron.
8:39 of 3rd period - Stopped by Petr Mrazek without a rebound.
8:40 of 3rd period - Dawson Mercer wins face-off versus Vincent Trocheck in Boston Bruins zone.
8:49 of 3rd period - Snap shot by Corey Perry.
8:49 of 3rd period - Shot Blocked by Vincent Trocheck.
9:07 of 3rd period - Corey Perry is hit by John Ludvig and loses puck.
9:18 of 3rd period - Eetu Luostarinen is hit by Corey Perry and loses puck.
9:27 of 3rd period - Wrist shot by Dawson Mercer.
9:27 of 3rd period - Shot Blocked by Eetu Luostarinen.
9:29 of 3rd period - Wrist shot by Jacob Trouba.
9:29 of 3rd period - Shot Blocked by Angus Crookshank.
9:40 of 3rd period - Yegor Zamula is hit by Corey Perry.
9:49 of 3rd period - John-Jason Peterka is hit by Ryan McLeod and loses puck.
10:20 of 3rd period - Slapshot by John-Jason Peterka.
10:20 of 3rd period - Shot Misses the Net.
10:22 of 3rd period - Snap shot by Angus Crookshank.
10:22 of 3rd period - Deflect By Dawson Mercer.
10:22 of 3rd period - Stopped by Juuse Saros without a rebound.
10:23 of 3rd period - Boone Jenner wins face-off versus Vincent Trocheck in Edmonton Oilers zone.
10:23 of 3rd period - Boone Jenner is hit by Vincent Trocheck.
10:26 of 3rd period - Minor Penalty to Adrian Kempe for Hooking.
10:27 of 3rd period - Vincent Trocheck wins face-off versus Brock Boeser in Edmonton Oilers zone.
10:29 of 3rd period - Backhand shot by Vincent Trocheck.
10:29 of 3rd period - Stopped by Juuse Saros with a rebound.
10:31 of 3rd period - Snap shot by Alex Newhook.
10:31 of 3rd period - Stopped by Juuse Saros with a rebound.
10:33 of 3rd period - Slapshot by Ryan Lindgren.
10:33 of 3rd period - Shot Blocked by Scott Mayfield.
11:34 of 3rd period - Minor Penalty to Ryan Strome for Cross-checking.
11:35 of 3rd period - Vincent Trocheck wins face-off versus Boone Jenner in Boston Bruins zone.
11:44 of 3rd period - Brandon Carlo is hit by Vincent Trocheck.
11:48 of 3rd period - Anders Lee is hit by David Perron and loses puck.
11:55 of 3rd period - Jacob Trouba is hit by Anders Lee and loses puck.
12:06 of 3rd period - John Ludvig is hit by Brandon Carlo and loses puck.
12:24 of 3rd period - Off-side.
12:25 of 3rd period - Corey Perry wins face-off versus Morgan Geekie in neutral zone.
12:26 of 3rd period - Penalty to Adrian Kempe is over, Adrian Kempe is back on ice.
12:30 of 3rd period - Wrist shot by Adrian Kempe.
12:30 of 3rd period - Shot Misses the Net.
13:34 of 3rd period - Penalty to Ryan Strome is over, Ryan Strome is back on ice.
13:54 of 3rd period - Wrist shot by Alex Newhook.
13:54 of 3rd period - Shot Misses the Net.
14:30 of 3rd period - Icing by Dawson Mercer.
14:31 of 3rd period - Matthew Beniers wins face-off versus Dawson Mercer in Edmonton Oilers zone.
15:01 of 3rd period - Torey Krug is hit by Brock Boeser and loses puck.
15:19 of 3rd period - Off-side.
15:20 of 3rd period - Boone Jenner wins face-off versus Vincent Trocheck in neutral zone.
15:35 of 3rd period - Snap shot by David Perron.
15:35 of 3rd period - Stopped by Petr Mrazek without a rebound.
15:36 of 3rd period - Andrew Copp wins face-off versus Jake DeBrusk in Boston Bruins zone.
16:19 of 3rd period - Minor Penalty to David Perron for Roughing.
16:20 of 3rd period - Andrew Copp wins face-off versus Boone Jenner in Edmonton Oilers zone.
16:45 of 3rd period - Adrian Kempe is hit by Vincent Trocheck and loses puck.
17:24 of 3rd period - Snap shot by Brett Pesce.
17:24 of 3rd period - Shot Misses the Net.
17:26 of 3rd period - Snap shot by Scott Mayfield.
17:26 of 3rd period - Stopped by Petr Mrazek without a rebound.
17:27 of 3rd period - Vincent Trocheck wins face-off versus Boone Jenner in Boston Bruins zone.
18:19 of 3rd period - Penalty to David Perron is over, David Perron is back on ice.
19:11 of 3rd period - Snap shot by Torey Krug.
19:11 of 3rd period - Shot Blocked by Brett Pesce.
19:32 of 3rd period - Boone Jenner is hit by John Ludvig and loses puck.
19:59 of 3rd period - Rasmus Ristolainen is hit by Connor Clifton and loses puck.
Goals for this period are 0 for Boston Bruins vs 1 for Edmonton Oilers.
Shots for this period are 13 for Boston Bruins vs 10 for Edmonton Oilers.
Back to the Top